 Dungeon Crawl Stone Soup version 0.30-a0-424-g7412bad402 (webtiles) character file.

Game seed: 14941986199391429422

11 p00ps00p the Trooper (level 2, -1/27 HPs)
             Began as a Hill Orc Fighter on Dec 10, 2022.
             Slain by a gnoll
             ... wielding a +0 spear
              (3 damage)
             ... on level 2 of the Dungeon.
             The game lasted 00:00:28 (176 turns).

p00ps00p the Trooper (Hill Orc Fighter)              Turns: 176, Time: 00:00:30

Health: -1/27      AC:  6    Str: 18    XL:     2   Next: 25%
Magic:  2/2        EV:  9    Int:  8    God:
Gold:   9          SH:  4    Dex: 10    Spells: 1/1 levels left

rFire   . . .      SeeInvis .    a - +0 war axe
rCold   . . .      Faith    .    c - +0 buckler
rNeg    . . .      Spirit   .    b - +0 scale mail
rPois   .          Reflect  .    (no helmet)
rElec   .          Harm     .    (no cloak)
rCorr   .          Rampage  .    (no gloves)
Will    .....                    (no boots)
Stlth   ..........               (no amulet)
HPRegen 0.24/turn                (no ring)
MPRegen 0.08/turn                (no ring)

@: mighty
A: no striking features
a: no special abilities


You were on level 2 of the Dungeon.
You visited 1 branch of the dungeon, and saw 2 of its levels.

You collected 9 gold pieces.

Inventory:

Hand Weapons
 a - a +0 war axe (weapon)
Armour
 b - a +0 scale mail (worn)
 c - a +0 buckler (worn)
Scrolls
 g - a scroll of enchant weapon {unknown}
 h - a scroll of teleportation {unknown}
Potions
 e - a potion of berserk rage {unknown}
 f - 3 potions of curing {unknown}


   Skills:
 + Level 3.8 Fighting
 + Level 3.0 Axes
 + Level 3.5 Armour
 + Level 3.4 Shields


You had one spell level left.
You didn't know any spells.
Your spell library was empty.

Dungeon Overview and Level Annotations

Branches:
Dungeon (2/15)

Altars:


Message History

No target in view!
No target in view!
No target in view!
No target in view!
Found a stone staircase leading up.
A gnoll comes into view. It is wielding a +0 club.
The gnoll shouts!
A gnoll comes into view. It is wielding a +0 flail.
A gnoll comes into view. It is wielding a +0 spear.
There are monsters nearby!
A gnoll comes into view. It is wielding a +0 flail.
The gnoll shouts! x3
A hobgoblin comes into view.
The hobgoblin shouts!
The gnoll hits you but does no damage. The gnoll hits you with a +0 spear.
You closely miss the gnoll. You hit the gnoll but do no damage.
You slash the gnoll! The gnoll barely misses you.
The gnoll completely misses you. The gnoll barely misses you.
The gnoll hits you with a +0 spear. The gnoll hits you with a +0 flail.
* * * LOW HITPOINT WARNING * * *
You block the gnoll's attack.
The hobgoblin hits you but does no damage.
You feel very mighty all of a sudden. You block the hobgoblin's attack.
You block the gnoll's attack. The gnoll hits you with a +0 flail.
* * * LOW HITPOINT WARNING * * *
The gnoll hits you but does no damage.
You slash the gnoll!
You kill the gnoll!
You barely miss the gnoll. You slash the gnoll! You hit the hobgoblin.
The hobgoblin barely misses you. The gnoll barely misses you. x2
Your Axes skill increases to level 3!
You have reached level 2!
You slice the gnoll!!
You kill the gnoll!
You slash the hobgoblin!
You kill the hobgoblin!
You barely miss the gnoll. x2; The gnoll completely misses you.
The gnoll hits you with a +0 spear.
You die...

....#......#
#.....#...#
...#.#......# ###.
............#.....
...###.###........
........#.........
..............)...
.#..#.....<#.....
#..##@†####.###.
#g)g..# ..
....##.# .#
#.#..## ... # #.#
##.# .. # ... ....


You could see 2 gnolls.

Vanquished Creatures
  2 gnolls (D:2)
  A hobgoblin (D:2)
  A bat (D:2)
  A frilled lizard (D:2)
5 creatures vanquished.

Notes
Turn   | Place    | Note
-------+----------+-------------------------------------------
     0 | D:1      | p00ps00p the Hill Orc Fighter began the quest for the Orb.
     0 | D:1      | Reached XP level 1. HP: 19/19 MP: 1/1
    62 | D:1      | You fall into a shaft and drop 1 floor!
   176 | D:2      | Reached XP level 2. HP: 2/27 MP: 2/2
   176 | D:2      | Slain by a gnoll

Illustrated notes

Levels and vault maps discovered:
D:1:      nagdon_arrival_double_spiral, layout_loops_ring, serial_bayou,
          serial_bayou_pond_e, serial_bayou_ford_a, serial_bayou_pond_d,
          serial_bayou_shore_b, serial_bayou_lagoon_b, serial_bayou_pond_b,
          minmay_domino_4
D:2:      layout_basic, shapermc_ecumenical_altar_hornbeckon, uniq_robin

Skill      XL: |  1 |
---------------+----+-----
Axes           | 3 |  3.0
Fighting       | |  3.8
Armour         | |  3.5
Shields        | |  3.4

Action                   || total
-------------------------++-------
Melee: War axe           ||     7
  Use: Potion            ||     1
Armor: Scale mail        ||     5
Dodge: Dodged            ||    10
Block: Buckler           ||     4

Table legend: (Time is in decaauts)
 A = Elapsed time spent in this place.
 B = Non-inter-level travel time spent in this place.
 C = Inter-level travel time spent in this place.
 D = Time resting spent in this place.
 E = Time spent auto-exploring this place.
 F = Levels seen in this place.
 G = Mean time per level.
                   A        B        C        D        E       F      G
               +--------+--------+--------+--------+--------+-----+--------+
         Total |    211 |    211 |      0 |      0 |    181 |   2 |  105.5 |
       Dungeon |    211 |    211 |      0 |      0 |    181 |   2 |  105.5 |
               +--------+--------+--------+--------+--------+-----+--------+

Top non-repeatable levels by time:
     D:2: 116 daAuts
     D:1: 95 daAuts
